3AAA
SANTA BARBARA GOLDEN CRANES @ AUGUSTA TIMBER HAWKS
08/16/2029
 
TOP OF THE 1ST
Santa Barbara Golden Cranes batting - Pitching for Augusta Timber Hawks : LHP Gary Barber
Pitching: LHP Gary Barber
Batting: LHB Manny Rosário 0-0: Ball
1-0: Fly out, F8 (Flyball, 8LD)
Batting: RHB Salvador Noriega 0-0: Called Strike
0-1: Ball
1-1: Ground out U3 (Groundball, 34S)
Batting: RHB Arsenio Laurel 0-0: Ball
1-0: Called Strike
1-1: Called Strike
1-2: Ground out 5-3 (Groundball, 56)
Top of the 1st over - 0 runs, 0 hits, 0 errors, 0 left on base; Santa Barbara 0 - Augusta 0
BOTTOM OF THE 1ST
Augusta Timber Hawks batting - Pitching for Santa Barbara Golden Cranes : RHP José Guillén
Pitching: RHP José Guillén
Batting: RHB Kenny Fleming 0-0: Ball
1-0: Ball
2-0: Foul Ball, location: 2F
2-1: Swinging Strike
2-2: Foul Ball, location: 2F
2-2: Ball
3-2: Base on Balls
Batting: RHB Jorge López 0-0: Swinging Strike
0-1: Ball
1-1: Called Strike
1-2: Foul Ball, location: 2F
1-2: Strikes out swinging
Batting: LHB Juan Gabriel 0-0: Grounds into double play, 4-6-3 (Groundball, 4)
Bottom of the 1st over - 0 runs, 0 hits, 0 errors, 0 left on base; Santa Barbara 0 - Augusta 0
TOP OF THE 2ND
Santa Barbara Golden Cranes batting - Pitching for Augusta Timber Hawks : LHP Gary Barber
Batting: RHB Rubén Campos 0-0: Ball
1-0: SINGLE (Groundball, 56S) (infield hit)
Batting: LHB Carl Gore 0-0: Ball
1-0: Swinging Strike
1-1: Swinging Strike
1-2: Ball
Rubén Campos steals 2nd base
2-2: Foul Ball, location: 2F
2-2: Foul Ball, location: 2F
2-2: Ball
3-2: Fly out, F8 (Flyball, 89M)
Batting: RHB Logan Manning 0-0: Ground out 4-3 (Groundball, 34)
Rubén Campos to third
Batting: RHB James Pike 0-0: Called Strike
0-1: Called Strike
0-2: Reached on error, E5 (Groundball, 56S)
Rubén Campos scores
Batting: RHB Christian Turner 0-0: Ball
1-0: Swinging Strike
1-1: Foul Ball, location: 2F
1-2: Ground out 6-3 (Groundball, 56)
Top of the 2nd over - 1 run, 1 hit, 1 error, 1 left on base; Santa Barbara 1 - Augusta 0
BOTTOM OF THE 2ND
Augusta Timber Hawks batting - Pitching for Santa Barbara Golden Cranes : RHP José Guillén
Batting: SHB Adrián Zamudio 0-0: Ball
1-0: SINGLE (Groundball, 6D)
Batting: LHB Dan O'Day 0-0: Called Strike
0-1: Swinging Strike
0-2: Foul Ball, location: 2F
0-2: Ball
1-2: Strikes out swinging
Batting: RHB David Gómez 0-0: Fly out, F3 (Popup, 23F)
Batting: SHB Eduardo Pampin 0-0: Ball
1-0: Foul Ball, location: 2F
1-1: Fly out, F7 (Flyball, 78XD)
Bottom of the 2nd over - 0 runs, 1 hit, 0 errors, 1 left on base; Santa Barbara 1 - Augusta 0
TOP OF THE 3RD
Santa Barbara Golden Cranes batting - Pitching for Augusta Timber Hawks : LHP Gary Barber
Batting: LHB Sixto Álvarez 0-0: Fly out, F9 (Flyball, 89D)
Batting: LHB Manny Rosário 0-0: Ground out 5-3 (Groundball, 56S)
Batting: RHB Salvador Noriega 0-0: Called Strike
0-1: SINGLE (Flyball, 89S)
Batting: RHB Arsenio Laurel 0-0: Fly out, F4 (Popup, 4S)
Top of the 3rd over - 0 runs, 1 hit, 0 errors, 1 left on base; Santa Barbara 1 - Augusta 0
BOTTOM OF THE 3RD
Augusta Timber Hawks batting - Pitching for Santa Barbara Golden Cranes : RHP José Guillén
Batting: LHB Carlos Medellín 0-0: Called Strike
0-1: Ball
1-1: Called Strike
1-2: Ball
2-2: Ball
3-2: Fly out, F9 (Flyball, 89D)
Batting: SHB Francisco Enríquez 0-0: Called Strike
0-1: Foul Ball, location: 2F
0-2: Strikes out looking
Batting: RHB Kenny Fleming 0-0: Ball
1-0: Called Strike
1-1: Ball
2-1: DOUBLE (Flyball, 89XD)
Batting: RHB Jorge López 0-0: Ball
1-0: Ball
2-0: Ball
3-0: Called Strike
3-1: Called Strike
3-2: Strikes out swinging
Bottom of the 3rd over - 0 runs, 1 hit, 0 errors, 1 left on base; Santa Barbara 1 - Augusta 0
TOP OF THE 4TH
Santa Barbara Golden Cranes batting - Pitching for Augusta Timber Hawks : LHP Gary Barber
Batting: RHB Rubén Campos 0-0: Ball
1-0: Ball
2-0: Fly out, F7 (Flyball, 7)
Batting: LHB Carl Gore 0-0: Called Strike
0-1: Ball
1-1: Ball
2-1: Ball
3-1: Called Strike
3-2: Base on Balls
Batting: RHB Logan Manning 0-0: SINGLE (Groundball, 6D)
Carl Gore to second
Batting: RHB James Pike 0-0: Ball
1-0: Ball
2-0: Foul Ball, location: 2F
2-1: Fly out, F9 (Flyball, 89S)
Batting: RHB Christian Turner 0-0: Ball
1-0: Fielders Choice at 2nd, 6-4 (Groundball, 6)
Top of the 4th over - 0 runs, 1 hit, 0 errors, 2 left on base; Santa Barbara 1 - Augusta 0
BOTTOM OF THE 4TH
Augusta Timber Hawks batting - Pitching for Santa Barbara Golden Cranes : RHP José Guillén
Batting: LHB Juan Gabriel 0-0: Called Strike
0-1: Ball
1-1: Ball
2-1: Ball
3-1: Called Strike
3-2: Ground out 4-3 (Groundball, 4)
Batting: SHB Adrián Zamudio 0-0: Foul Ball, location: 2F
0-1: DOUBLE (Groundball, 3L)
Batting: LHB Dan O'Day 0-0: Ball
1-0: Reached on error, E6 (Groundball, 6M)
Adrián Zamudio to third
Batting: RHB David Gómez 0-0: Ball
Dan O'Day is caught stealing 2nd base
1-0: Ball
2-0: Foul Ball, location: 2F
2-1: Foul Ball, location: 2F
2-2: Foul Ball, location: 2F
2-2: Ball
3-2: Base on Balls
Batting: SHB Eduardo Pampin 0-0: Called Strike
0-1: Ball
1-1: Swinging Strike
1-2: Ball
2-2: Ball
3-2: Base on Balls
David Gómez to second
Batting: LHB Carlos Medellín 0-0: Called Strike
0-1: Ball
1-1: Fly out, F8 (Line Drive, 8LXD)
Bottom of the 4th over - 0 runs, 1 hit, 1 error, 3 left on base; Santa Barbara 1 - Augusta 0
TOP OF THE 5TH
Santa Barbara Golden Cranes batting - Pitching for Augusta Timber Hawks : LHP Gary Barber
Batting: LHB Sixto Álvarez 0-0: Called Strike
0-1: Ball
1-1: Called Strike
1-2: Foul Ball, location: 2F
1-2: Strikes out swinging
Batting: LHB Manny Rosário 0-0: Ground out U3 (Groundball, 3)
Batting: RHB Salvador Noriega 0-0: Called Strike
0-1: Foul Ball, location: 2F
0-2: Ball
1-2: Ball
2-2: Foul Ball, location: 2F
2-2: Fly out, F9 (Flyball, 9LSF)
Top of the 5th over - 0 runs, 0 hits, 0 errors, 0 left on base; Santa Barbara 1 - Augusta 0
BOTTOM OF THE 5TH
Augusta Timber Hawks batting - Pitching for Santa Barbara Golden Cranes : RHP José Guillén
Batting: SHB Francisco Enríquez 0-0: Ball
1-0: Ball
2-0: Fly out, F4 (Popup, 4M)
Batting: RHB Kenny Fleming 0-0: Ball
1-0: Ball
2-0: Ball
3-0: Called Strike
3-1: Base on Balls
Batting: RHB Jorge López 0-0: Called Strike
0-1: Foul Ball, location: 2F
0-2: Ball
Kenny Fleming steals 2nd base
1-2: Ball
2-2: Foul Ball, location: 2F
2-2: Ball
3-2: Strikes out looking
Batting: LHB Juan Gabriel 0-0: Ball
1-0: Ball
2-0: Called Strike
2-1: Ball
3-1: Swinging Strike
3-2: Fly out, F6 (Popup, 4M)
Bottom of the 5th over - 0 runs, 0 hits, 0 errors, 1 left on base; Santa Barbara 1 - Augusta 0
TOP OF THE 6TH
Santa Barbara Golden Cranes batting - Pitching for Augusta Timber Hawks : LHP Gary Barber
Batting: RHB Arsenio Laurel 0-0: Called Strike
0-1: Ball
1-1: Called Strike
1-2: SINGLE (Flyball, 8LS) - OUT at second base trying to stretch hit.
Batting: RHB Rubén Campos 0-0: Ball
1-0: SINGLE (Groundball, 25) (infield hit)
Batting: LHB Carl Gore 0-0: Foul Ball, location: 2F
0-1: Ball
1-1: Ball
2-1: Ball
3-1: Foul Ball, location: 2F
3-2: Base on Balls
Rubén Campos to second
Batting: RHB Logan Manning 0-0: Ball
1-0: Called Strike
1-1: Grounds into double play, 3-6-1 (Groundball, 3)
Top of the 6th over - 0 runs, 2 hits, 0 errors, 1 left on base; Santa Barbara 1 - Augusta 0
BOTTOM OF THE 6TH
Augusta Timber Hawks batting - Pitching for Santa Barbara Golden Cranes : RHP José Guillén
Batting: SHB Adrián Zamudio 0-0: Ground out 6-3 (Groundball, 6M)
Batting: LHB Dan O'Day 0-0: Ball
1-0: Called Strike
1-1: Foul Ball, location: 2F
1-2: Strikes out looking
Batting: RHB David Gómez 0-0: Ball
1-0: Foul Ball, location: 2F
1-1: Ball
2-1: Ground out 6-3 (Groundball, 6S)
Bottom of the 6th over - 0 runs, 0 hits, 0 errors, 0 left on base; Santa Barbara 1 - Augusta 0
TOP OF THE 7TH
Santa Barbara Golden Cranes batting - Pitching for Augusta Timber Hawks : LHP Gary Barber
Batting: RHB James Pike 0-0: Foul Ball, location: 2F
0-1: Foul Ball, location: 2F
0-2: Ground out 4-3 (Groundball, 4)
Batting: RHB Christian Turner 0-0: Called Strike
0-1: Ball
1-1: Foul Ball, location: 2F
1-2: Ball
2-2: Foul Ball, location: 2F
2-2: Strikes out looking
Batting: LHB Sixto Álvarez 0-0: Ball
1-0: Foul Ball, location: 2F
1-1: Ball
2-1: DOUBLE (Line Drive, 9LM)
Pinch Hitting: RHB John Aston 0-0: Ball
1-0: Ground out 6-3 (Groundball, 6)
Top of the 7th over - 0 runs, 1 hit, 0 errors, 1 left on base; Santa Barbara 1 - Augusta 0
BOTTOM OF THE 7TH
Augusta Timber Hawks batting - Pitching for Santa Barbara Golden Cranes : RHP José Guillén
Now at SS: Armando Villarreal
Batting: SHB Eduardo Pampin 0-0: Foul Ball, location: 2F
0-1: Called Strike
0-2: Foul Ball, location: 2F
0-2: Ball
1-2: Foul Ball, location: 2F
1-2: Foul Ball, location: 2F
1-2: Ground out 6-3 (Groundball, 6)
Batting: LHB Carlos Medellín 0-0: Swinging Strike
0-1: Ball
1-1: Ball
2-1: Ball
3-1: Foul Ball, location: 2F
3-2: Base on Balls
Pinch Hitting: LHB José Marín 0-0: Ball
1-0: Ball
2-0: Called Strike
2-1: Called Strike
Carlos Medellín steals 2nd base
2-2: Ball
3-2: Base on Balls
Pitching: LHP Josh Cox
Batting: RHB Kenny Fleming 0-0: Ball
Carlos Medellín steals 3rd base
José Marín to second
1-0: Ground out 5-3 (Groundball, 56S)
Batting: RHB Jorge López 0-0: Fly out, F8 (Flyball, 8LM)
Bottom of the 7th over - 0 runs, 0 hits, 0 errors, 2 left on base; Santa Barbara 1 - Augusta 0
TOP OF THE 8TH
Santa Barbara Golden Cranes batting - Pitching for Augusta Timber Hawks : LHP Gary Barber
Pitching: RHP Iván Flores
Now at 3B: Anastasio Hernández
Batting: RHB Salvador Noriega 0-0: SINGLE (Groundball, 56S) (infield hit)
Batting: RHB Arsenio Laurel 0-0: Swinging Strike
0-1: Ball
1-1: Ball
2-1: Foul Ball, location: 2F
2-2: Foul Ball, location: 2F
2-2: Ball
3-2: Fly out, F8 (Flyball, 8LD)
Batting: RHB Rubén Campos 0-0: Ball
1-0: Ball
2-0: Ball
3-0: Called Strike
3-1: Base on Balls
Salvador Noriega to second
Batting: LHB Carl Gore 0-0: Ball
1-0: Ball
2-0: Ball
3-0: Called Strike
3-1: Base on Balls
Salvador Noriega to third
Rubén Campos to second
Batting: RHB Logan Manning 0-0: Fly out, F9 (Flyball, 89D)
Runner from 3rd tags up, SCORES, throw made
Rubén Campos to third
Batting: RHB James Pike 0-0: Called Strike
0-1: Ground out 4-3 (Groundball, 4MD)
Top of the 8th over - 1 run, 1 hit, 0 errors, 2 left on base; Santa Barbara 2 - Augusta 0
BOTTOM OF THE 8TH
Augusta Timber Hawks batting - Pitching for Santa Barbara Golden Cranes : LHP Josh Cox
Batting: LHB Juan Gabriel 0-0: Ball
1-0: Called Strike
1-1: Ball
2-1: Foul Ball, location: 2F
2-2: Ball
3-2: Fly out, F7 (Flyball, 7D)
Batting: SHB Adrián Zamudio 0-0: Fly out, F9 (Line Drive, 9)
Batting: LHB Dan O'Day 0-0: Ball
1-0: Ball
2-0: Called Strike
2-1: Called Strike
2-2: SINGLE (Line Drive, 8RS)
Batting: RHB David Gómez 0-0: Ball
1-0: Fly out, F7 (Line Drive, 78D)
Bottom of the 8th over - 0 runs, 1 hit, 0 errors, 1 left on base; Santa Barbara 2 - Augusta 0
TOP OF THE 9TH
Santa Barbara Golden Cranes batting - Pitching for Augusta Timber Hawks : RHP Iván Flores
Pitching: RHP Rodrigo Rangel
Batting: RHB Christian Turner 0-0: Fly out, F9 (Flyball, 9)
Batting: LHB Sixto Álvarez 0-0: Ball
1-0: Ground out 4-3 (Groundball, 4)
Batting: LHB Armando Villarreal 0-0: Foul Ball, location: 2F
0-1: Ball
1-1: Foul Ball, location: 2F
1-2: Ball
2-2: Ground out 4-3 (Groundball, 34)
Top of the 9th over - 0 runs, 0 hits, 0 errors, 0 left on base; Santa Barbara 2 - Augusta 0
BOTTOM OF THE 9TH
Augusta Timber Hawks batting - Pitching for Santa Barbara Golden Cranes : LHP Josh Cox
Pitching: RHP Seung-yeop Kim
Batting: SHB Eduardo Pampin 0-0: Foul Ball, location: 2F
0-1: Ball
1-1: Ball
2-1: Ground out U3 (Groundball, 3)
Batting: LHB Carlos Medellín 0-0: Ball
1-0: Ball
2-0: Ball
3-0: Called Strike
3-1: Foul Ball, location: 2F
3-2: Foul Ball, location: 2F
3-2: Foul Ball, location: 2F
3-2: SINGLE (Line Drive, 34D)
Batting: RHB Anastasio Hernández 0-0: Ball
1-0: Ball
2-0: Swinging Strike
2-1: Ball
3-1: Foul Ball, location: 2F
3-2: Ground out 4-3 (Groundball, 4)
Carlos Medellín to second
Batting: RHB Kenny Fleming 0-0: Foul Ball, location: 2F
0-1: Ball
1-1: Called Strike
1-2: Strikes out swinging
Bottom of the 9th over - 0 runs, 1 hit, 0 errors, 1 left on base; Santa Barbara 2 - Augusta 0
Tuesday, December 19th, 2017 - OOTP Baseball 18.8 Build 76